 Dungeon Crawl Stone Soup version 0.21.1-1-g345015f (webtiles) character file.

7 Monsterracer the Vexing (level 1, 0/8 HPs)
             Began as a Felid Enchanter on Feb 10, 2018.
             Slain by a kobold
             ... wielding a +0 short sword
              (8 damage)
             ... on level 1 of the Dungeon.
             The game lasted 00:00:43 (625 turns).

Monsterracer the Vexing (Felid Enchanter)            Turns: 625, Time: 00:00:44

Health: 0/8        AC:  1    Str:  4    XL:     1   Next: 83%
Magic:  4/4        EV: 18    Int: 16    God:
Gold:   19         SH:  0    Dex: 16    Spells: 3/4 levels left
                                        Lives:  0   Deaths: 0

rFire    . . .     SeeInvis +     - Unarmed
rCold    . . .     Gourm    .   (shield unavailable)
rNeg     . . .     Faith    .   (armour unavailable)
rPois    .         Spirit   .   (helmet unavailable)
rElec    .         Reflect  .   (cloak unavailable)
rCorr    .         Harm     .   (gloves unavailable)
MR       .....                  (boots unavailable)
Stlth    +++.......             (no amulet)
HPRegen  0.02/turn              (no ring)
MPRegen  0.09/turn              (no ring)

@: quick
A: very small, no armour, no weapons or thrown items, stealth, claws 1, fangs 3,
see invisible, carnivore, speed 1, shaggy fur 1, slow metabolism 1, sharp paws
a: no special abilities


You were on level 1 of the Dungeon.
You were not hungry.

You visited 1 branch of the dungeon, and saw 1 of its levels.

You collected 19 gold pieces.

Inventory:

Jewellery
 f - a cursed -4 ring of protection {unknown}
Scrolls
 b - 2 scrolls of magic mapping {unknown}
 d - a scroll of remove curse {unknown}
 e - a scroll of enchant weapon {unknown}
Books
 a - a book of Maledictions

   Spells                             Type                      Level
   a - Corona                         Hexes                        1
   b - Ensorcelled Hibernation        Hexes/Ice                    2
   c - Confuse                        Hexes                        3
   d - Tukima's Dance                 Hexes                        3
   e - Dazzling Spray                 Conjuration/Hexes            3
Comestibles
 c - 3 rations


   Skills:
 + Level 0.4 Fighting
 + Level 2.9 Dodging
 + Level 4.1 Stealth
 * Level 1.4 Unarmed Combat
 - Level 2.0 Spellcasting
 - Level 4.4 Hexes


You had 3 spell levels left.
You knew the following spells:

 Your Spells              Type           Power        Failure   Level  Hunger
a - Corona                Hex            ###....      3%          1    #......


Dungeon Overview and Level Annotations

Branches:
Dungeon (1/15)

Altars:


Innate Abilities, Weirdness & Mutations

You cannot wear armour.
You are incapable of wielding weapons or throwing items.
Your paws allow you to move quietly. (Stealth)
You have sharp claws.
You have razor-sharp teeth.
You have supernaturally acute eyesight. (SInv)
You are carnivorous and can eat meat at any time.
You cover ground quickly.
You are covered in fur. (AC +1)
You have a slow metabolism.
Your sharp claws are effective at attacking unaware monsters.


Message History

A rat comes into view.
Found a ration.
Health restored: 7 A rat is nearby!
A rat is nearby!
The rat closely misses you.
Found a stone staircase leading down.
You scratch the rat.
You kill the rat!
No target in view!
c - 3 rations (gained 1) Key pressed, stopping explore.
No target in view!
A rat comes into view.
A rat is nearby!
The rat barely misses you.
You scratch the rat.
You kill the rat!
No target in view!
A giant cockroach comes into view.
The giant cockroach waves its antennae.
A giant cockroach is nearby!
A giant cockroach is nearby!
You scratch the giant cockroach.
The giant cockroach is heavily wounded.
The giant cockroach barely misses you.
You scratch the giant cockroach but do no damage.
The giant cockroach is heavily wounded.
The giant cockroach misses you.
You scratch the giant cockroach but do no damage.
The giant cockroach is heavily wounded.
The giant cockroach completely misses you.
You scratch the giant cockroach.
The giant cockroach is severely wounded.
The giant cockroach bites you but does no damage.
The giant cockroach bites you.
You take 1 damage, and have 6/7 hp.
A giant cockroach is nearby!
You scratch the giant cockroach but do no damage.
The giant cockroach is severely wounded.
The giant cockroach closely misses you.
You closely miss the giant cockroach.
The giant cockroach is severely wounded.
The giant cockroach misses you.
A giant cockroach is nearby!
You closely miss the giant cockroach.
The giant cockroach is severely wounded.
The giant cockroach barely misses you.
You closely miss the giant cockroach.
The giant cockroach is severely wounded.
The giant cockroach closely misses you.
A giant cockroach is nearby!
You scratch the giant cockroach but do no damage.
The giant cockroach is severely wounded.
The giant cockroach completely misses you.
A giant cockroach is nearby!
You closely miss the giant cockroach.
The giant cockroach is severely wounded.
The giant cockroach misses you.
The giant cockroach bites you but does no damage.
You barely miss the giant cockroach.
The giant cockroach is severely wounded.
The giant cockroach bites you.
You take 1 damage, and have 5/7 hp.
You are too injured to fight recklessly!
You are too injured to fight recklessly!
You are too injured to fight recklessly!
You are too injured to fight recklessly!
You scratch the giant cockroach.
The giant cockroach is almost dead.
The giant cockroach completely misses you.
You barely miss the giant cockroach.
The giant cockroach is almost dead.
The giant cockroach completely misses you.
You scratch the giant cockroach.
You kill the giant cockroach!
You see here a giant cockroach corpse.
You butcher the giant cockroach corpse.
f - 2 chunks of flesh Eating one of 2 chunks of flesh.
You eat one of the 2 chunks of flesh.
This raw flesh tastes great.
Eating a chunk of flesh.
You eat the chunk of flesh.
This raw flesh tastes great.
b - 2 scrolls labeled GUF XUFOLANWO (gained 1)
You open the door.
There is an open door here.
f - a tubular cabochon ring Health restored: 8 You now have 19 gold pieces (gained 12).
You open the door.
A kobold comes into view. It is wielding a short sword.
The kobold shouts!
You hear a shout!
The kobold throws a stone.
The stone closely misses you.
A kobold is nearby!
The kobold throws a stone.
The stone hits you but does no damage.
There is an open door here.
You see here a stone.
You closely miss the kobold. The kobold hits you with a short sword!
Ouch! That really hurt!
You die...

.... ...# ##+## .....
##...## ..... ##.....##
...... # ##.......##
#......
####.........####.......
...'........((..@K.....#
####.........####...#.##
# ##.......## #.## ##
##.....## ... .# ##...##
##. .# ##+## # .# #.# .#
#.# .# ##.##


You could see a kobold.

Vanquished Creatures
  A giant cockroach (D:1)
  2 hobgoblins (D:1)
  A ball python (D:1)
  A kobold (D:1)
  2 rats (D:1)
7 creatures vanquished.

Notes
Turn   | Place    | Note
-------+----------+-------------------------------------------
     0 | D:1      | Monsterracer the Felid Enchanter began the quest for the Orb.
     0 | D:1      | Reached XP level 1. HP: 7/7 MP: 4/4
    25 | D:1      | HP: 2/7 [kobold/dagger of flaming (5)]
   625 | D:1      | Slain by a kobold

Action                   || total
-------------------------++-------
Melee: Unarmed           ||    24
 Stab: Sleeping          ||     1
  Eat: Chunk             ||     2
Armor: Skin              ||     4
Dodge: Dodged            ||    17

Vault maps used:
D:1:      dpeg_arrival_refuge
